[Event "Titled Tuesday Blitz June 27 Late 2023"]
[White "Guzman Moneo, Alberto"]
[Black "Megalios, Konstantinos"]
[WhiteFideId "2209616"]
[BlackFideId "4238044"]
[WhiteElo "2358"]
[BlackElo "2585"]
[Result "1-0"]
[Round "2"]
[TimeControl "180+2"]
[Date "2023.06.27"]
[WhiteClock "0:00:16"]
[BlackClock "0:00:11"]
[Board "125"]

1. e4 d5 2. exd5 Qxd5 3. Nc3 Qa5 4. d4 Nf6 5. Bd2 Bg4 6. f3 Bd7 7. Bc4 c5 8. d5 g6 9. Ne4 Qb6 10. Nxf6+ exf6 11. Qe2+ Kd8 12. Bc3 Bh6 13. Qf2 Qd6 14. a4 Na6 15. Ne2 Nb4 16. Bxb4 cxb4 17. O-O Re8 18. Kh1 Rc8 19. b3 Be3 20. Qg3 Qxg3 21. Nxg3 f5 22. Rfe1 Kc7 23. Nf1 Bd4 24. f4 Bxa1 25. Rxa1 Kd6 26. Nd2 a6 27. a5 Bb5 28. Kg1 Re3 29. Kf2 Rce8 30. Nf3 f6 31. Bxb5 axb5 32. Nd4 Kxd5 33. Nxb5 Re2+ 34. Kf1 R8e3 35. c4+ Kc5 36. Nc7 Rxb3 37. a6 bxa6 38. Nxa6+ Kxc4 39. Kxe2 Ra3 40. Rc1+ Kd4 41. Nxb4 Ke4 42. Rc4# 1-0


[Site "https://www.chess.com"]

[Event "Titled Tuesday Blitz June 27 Late 2023"]
[White "WindWhistler11"]
[Black "Castella Garcia, Fausto"]
[BlackFideId "3501922"]
[WhiteElo "2562"]
[BlackElo "2355"]
[Result "1-0"]
[Round "2"]
[TimeControl "180+2"]
[Date "2023.06.27"]
[WhiteClock "0:00:10"]
[BlackClock "0:00:18"]
[Board "126"]

1. Nf3 c5 2. c4 g6 3. d4 cxd4 4. Nxd4 Bg7 5. g3 Nf6 6. Bg2 O-O 7. Nc3 Nc6 8. Nc2 Qa5 9. O-O d6 10. e4 Bg4 11. f3 Be6 12. Ne3 Nd7 13. Bd2 Rfc8 14. Rc1 Nde5 15. b3 Qd8 16. Be1 Nb4 17. Bd2 Nbd3 18. Rc2 a6 19. f4 Nc6 20. f5 Bd7 21. Ned5 Nd4 22. Bg5 f6 23. Qxd3 fxg5 24. f6 exf6 25. Qxd4 f5 26. Qd3 b5 27. exf5 gxf5 28. Rxf5 bxc4 29. bxc4 Bxf5 30. Qxf5 Rxc4 31. Be4 Rxe4 32. Nxe4 Ra7 33. Rc8 1-0


[Site "https://www.chess.com"]

[Event "Titled Tuesday Blitz June 27 Late 2023"]
[White "Rego, Pedro Filipe"]
[Black "Domingo Nunez, Ruben"]
[WhiteFideId "1904310"]
[BlackFideId "22245570"]
[WhiteElo "2355"]
[BlackElo "2547"]
[Result "0-1"]
[Round "2"]
[TimeControl "180+2"]
[Date "2023.06.27"]
[WhiteClock "0:00:07"]
[BlackClock "0:00:24"]
[Board "127"]

1. c4 a6 2. e4 h6 3. g3 g6 4. Bg2 Bg7 5. h4 d6 6. h5 g5 7. Nc3 c5 8. d3 Nc6 9. Nge2 Rb8 10. a4 Nf6 11. Be3 Bg4 12. Qd2 Bxh5 13. f4 Bxe2 14. Nxe2 gxf4 15. gxf4 Ng4 16. Bg1 Qb6 17. Bf3 h5 18. a5 Qxb2 19. Qxb2 Bxb2 20. Rb1 Bg7 21. e5 Kd7 22. Rxh5 Nh6 23. Bg2 Nxa5 24. Nc3 e6 25. Ne4 Nf5 26. Rxf5 exf5 27. Nxd6 f6 28. Nxf5 fxe5 29. Nxg7 Rbg8 30. Bd5 Rxg7 31. Bxc5 exf4 32. Bd4 Re7+ 33. Kf2 Rh2+ 34. Kf3 Rh3+ 35. Kxf4 Rxd3 36. Bb6 Rxd5 37. cxd5 Nc4 38. Bc5 Rf7+ 39. Kg5 b5 40. Kg6 Rf3 41. Re1 Rd3 42. Re7+ Kd8 43. d6 Nxd6 44. Re6 Nb7 45. Bb6+ Kd7 46. Rf6 Rd6 47. Bd4 Rxf6+ 48. Kxf6 Kd6 49. Bc3 Kd5 50. Kf5 a5 51. Kf4 Kc4 52. Bf6 Kd3 0-1


[Site "https://www.chess.com"]

[Event "Titled Tuesday Blitz June 27 Late 2023"]
[White "Ortega Amarelle, Mariano"]
[Black "Davidson, Kevin"]
[WhiteFideId "3504301"]
[BlackFideId "2056810"]
[WhiteElo "2547"]
[BlackElo "2353"]
[Result "0-1"]
[Round "2"]
[TimeControl "180+2"]
[Date "2023.06.27"]
[WhiteClock "0:02:13"]
[BlackClock "0:02:25"]
[Board "128"]

1. b3 g6 2. Bb2 Nf6 3. Bxf6 exf6 4. c4 d5 5. cxd5 Qxd5 6. Nc3 Qa5 7. g3 Bb4 8. Qc2 O-O 9. Bg2 Nc6 10. Nf3 Bf5 11. Qb2 Ba3 0-1


[Site "https://www.chess.com"]

[Event "Titled Tuesday Blitz June 27 Late 2023"]
[White "Berezin, Viktor"]
[Black "Wendt, Jan-Dietrich"]
[WhiteFideId "14107872"]
[BlackFideId "4623797"]
[WhiteElo "2533"]
[BlackElo "2352"]
[Result "0-1"]
[Round "2"]
[TimeControl "180+2"]
[Date "2023.06.27"]
[WhiteClock "0:00:02"]
[BlackClock "0:00:05"]
[Board "129"]

1. d4 Nf6 2. Nf3 g6 3. g3 Bg7 4. Bg2 c5 5. O-O cxd4 6. Nxd4 Nc6 7. Nxc6 bxc6 8. c4 O-O 9. Nc3 Rb8 10. b3 c5 11. Bb2 Bb7 12. Bxb7 Rxb7 13. Qc2 d6 14. Rad1 Qa5 15. e4 Ng4 16. Nb1 Qxa2 17. Rd2 Qxb3 18. Bxg7 Qxc2 19. Rxc2 Kxg7 20. Nc3 Rfb8 21. Nd5 e6 22. Nf4 Ne5 23. Kg2 Kf8 24. Ra1 Nc6 25. Rca2 Rb1 26. Ra6 Rxa1 27. Rxa1 Ke7 28. Nd3 Rb6 29. e5 dxe5 30. Nxc5 a5 31. Ne4 Rb4 32. Nd2 a4 33. Kf3 Na5 34. c5 Nb3 35. Nxb3 axb3 36. Rb1 f5 37. Ke3 Kd7 38. Kd3 Kc6 39. Kc3 Kxc5 40. Kb2 e4 41. Ra1 Kd4 42. Rd1+ Ke5 43. Rd7 h5 44. h4 Rb6 45. Rg7 Kf6 46. Rd7 e5 47. Rd8 Ke7 48. Rg8 Kf7 49. Rd8 f4 50. Rd5 Ke6 51. Rd8 e3 52. fxe3 fxg3 53. Rd2 Kf5 54. Rg2 Kg4 55. Rg1 Kf3 56. Rf1+ Ke2 57. Rf6 g2 58. Rxb6 g1=Q 59. Rxb3 Qxe3 60. Rb7 Qd2+ 61. Kb3 Qd5+ 0-1


[Site "https://www.chess.com"]

[Event "Titled Tuesday Blitz June 27 Late 2023"]
[White "Jimenez Almeida, Luis David"]
[Black "Glavina, Pablo"]
[WhiteFideId "22242244"]
[BlackFideId "100234"]
[WhiteElo "2532"]
[BlackElo "2350"]
[Result "1-0"]
[Round "2"]
[TimeControl "180+2"]
[Date "2023.06.27"]
[WhiteClock "0:00:10"]
[BlackClock "0:00:02"]
[Board "130"]

1. e4 e5 2. Nf3 Nc6 3. Bb5 a6 4. Ba4 Nf6 5. O-O Bc5 6. d3 b5 7. Bb3 d6 8. c3 O-O 9. Nbd2 h6 10. h3 Re8 11. Re1 d5 12. a4 Bb7 13. Qe2 b4 14. Nf1 a5 15. Be3 Bxe3 16. Qxe3 Ba6 17. Rad1 dxe4 18. dxe4 Qe7 19. Ng3 bxc3 20. bxc3 Qa3 21. Bd5 Nxd5 22. exd5 Ne7 23. Qxe5 Qd6 24. Nh5 Qxe5 25. Rxe5 Bb7 26. c4 Rad8 27. Rde1 Kf8 28. Nxg7 Kxg7 29. Rxe7 Rxe7 30. Rxe7 Rc8 31. Re4 c6 32. d6 c5 33. Re7 Bxf3 34. gxf3 Rd8 35. Rc7 Rxd6 36. Rxc5 Rd3 37. Rxa5 Rxf3 38. Rb5 Rxh3 39. a5 Ra3 40. c5 Rc3 41. a6 Ra3 42. Rb6 Kf8 43. c6 Ke7 44. a7 Rxa7 45. Rb7+ Rxb7 46. cxb7 1-0


[Site "https://www.chess.com"]

[Event "Titled Tuesday Blitz June 27 Late 2023"]
[White "GAO"]
[Black "D`Arruda, Ricardo D."]
[BlackFideId "100692"]
[WhiteElo "2350"]
[BlackElo "2530"]
[Result "0-1"]
[Round "2"]
[TimeControl "180+2"]
[Date "2023.06.27"]
[WhiteClock "0:00:03"]
[BlackClock "0:01:16"]
[Board "131"]

1. b3 e5 2. Bb2 Nc6 3. Nf3 d6 4. c4 Nf6 5. Nc3 Be7 6. Qc2 O-O 7. e3 Bg4 8. Be2 Re8 9. h3 Bh5 10. a3 a5 11. O-O Bf8 12. d3 Qd7 13. Rfe1 Rad8 14. Nd5 Nxd5 15. cxd5 Ne7 16. e4 Bg6 17. Qc3 Ra8 18. d4 Bxe4 19. dxe5 Nxd5 20. Qd4 Bxf3 21. Bxf3 c6 22. Bxd5 dxe5 23. Bxf7+ Qxf7 24. Rxe5 Rxe5 25. Qxe5 Qxb3 26. Re1 Qf7 27. a4 Bb4 28. Rd1 Re8 29. Qg3 h6 30. Be5 Re7 31. Rd8+ Kh7 32. Qd3+ Qg6 33. Qc4 Qb1+ 34. Kh2 Rxe5 35. Qg8+ Kg6 36. f4 Re7 37. h4 Qf5 38. Qc4 Re4 39. Qc2 Qxf4+ 40. Kh3 Qxh4# 0-1


[Site "https://www.chess.com"]

[Event "Titled Tuesday Blitz June 27 Late 2023"]
[White "Dushyant Sharma"]
[Black "Schuster, Karsten"]
[WhiteFideId "25065130"]
[BlackFideId "4611071"]
[WhiteElo "2528"]
[BlackElo "2347"]
[Result "1/2-1/2"]
[Round "2"]
[TimeControl "180+2"]
[Date "2023.06.27"]
[WhiteClock "0:00:11"]
[BlackClock "0:00:15"]
[Board "132"]

1. e4 d5 2. exd5 Qxd5 3. Nc3 Qd6 4. g3 c6 5. Bg2 Nf6 6. Nge2 Bg4 7. d3 e6 8. Be3 Qc7 9. Qd2 Bd6 10. O-O-O Nbd7 11. h3 Bh5 12. f4 Bg6 13. g4 h5 14. g5 Nd5 15. Ne4 Nxe3 16. Qxe3 O-O-O 17. Nxd6+ Qxd6 18. Qxa7 Nc5 19. Kb1 Na6 20. Qe3 Kb8 21. Nc3 Nc7 22. h4 Bf5 23. Bh3 Bxh3 24. Rxh3 Nd5 25. Nxd5 exd5 26. f5 Rhe8 27. Qd4 g6 28. fxg6 fxg6 29. a3 Re6 30. Rf3 Rde8 31. Rf7 R6e7 32. Rdf1 Qe6 33. R7f6 Qe2 34. Qf2 Qxf2 35. R1xf2 Re6 36. Rxe6 Rxe6 37. Rf6 Re1+ 38. Ka2 Rh1 39. Rxg6 Rxh4 40. Rh6 Rh2 41. c4 dxc4 42. dxc4 Ka7 43. a4 c5 44. g6 b6 45. a5 bxa5 46. g7 Rg2 47. Rxh5 Rxg7 48. Rxc5 Kb6 49. Rb5+ Ka6 50. Ka3 Rg1 51. Rh5 Ra1+ 52. Kb3 Rc1 53. Rh6+ Kb7 54. Rh4 Kb6 55. Rh5 Ka6 56. Rg5 Kb6 57. Rg4 Kc5 58. Rg5+ Kb6 59. Rg2 Kc5 60. Rh2 a4+ 61. Kxa4 Rxc4+ 62. Ka5 Kc6 63. b4 Kb7 64. Rh7+ Kb8 65. b5 Rc1 66. Kb6 Rc8 67. Rb7+ Ka8 68. Rc7 Rh8 69. Ka6 Kb8 70. Rg7 Rf8 71. Rh7 Rg8 72. Rh6 Rf8 73. Rb6+ Ka8 74. Rb7 Rf1 75. Rh7 Rf8 76. b6 Kb8 77. Rb7+ Ka8 78. Rd7 Kb8 79. Kb5 Rf5+ 80. Ka6 Rf8 81. Rd5 Ka8 82. Kb5 Kb8 83. Rh5 Rg8 84. Rh6 Rf8 85. Kc6 Rc8+ 86. Kb5 Rg8 87. Rc6 Rg5+ 88. Ka6 Rg8 89. b7 Rf8 90. Kb6 Rg8 91. Re6 Rf8 92. Rc6 Rg8 93. Rc8+ Rxc8 94. bxc8=Q+ Kxc8 1/2-1/2


[Site "https://www.chess.com"]

[Event "Titled Tuesday Blitz June 27 Late 2023"]
[White "Muhammed, Shuaau"]
[Black "only_strong_moves"]
[WhiteFideId "16700406"]
[WhiteElo "2347"]
[BlackElo "2528"]
[Result "0-1"]
[Round "2"]
[TimeControl "180+2"]
[Date "2023.06.27"]
[WhiteClock "0:00:09"]
[BlackClock "0:01:16"]
[Board "133"]

1. e4 e5 2. Nf3 Nc6 3. Bb5 Nf6 4. d3 a6 5. Ba4 d6 6. O-O b5 7. Bb3 Be7 8. Nc3 O-O 9. Nd5 Na5 10. Nxe7+ Qxe7 11. h3 c5 12. Bg5 Bd7 13. Bd5 Rab8 14. Qd2 Nc6 15. Nh4 Nb4 16. Bb3 h6 17. Be3 Kh7 18. Nf5 Bxf5 19. exf5 d5 20. f4 e4 21. a3 Nc6 22. g4 d4 23. Bf2 e3 24. Qe1 exf2+ 25. Qxf2 Qd6 26. Rae1 Nd5 27. g5 Ne3 28. Qh4 Nxf5 29. Qg4 Ne3 30. Qh5 Nxf1 31. Rxf1 Qg6 32. Qg4 f5 33. Qg3 c4 34. dxc4 Na5 35. Ba2 bxc4 36. b3 cxb3 37. cxb3 Rfc8 38. b4 Nc4 39. h4 h5 40. Qd3 Ne3 41. Rf3 Rc1+ 42. Kh2 Rc2+ 43. Kg3 Rxa2 44. Qxd4 Ng4 45. Rd3 Qc6 46. Qa7 Qg2# 0-1


[Site "https://www.chess.com"]

[Event "Titled Tuesday Blitz June 27 Late 2023"]
[White "Kuzmin, Roman"]
[Black "Ankerst, Mihael"]
[WhiteFideId "44134932"]
[BlackFideId "14602369"]
[WhiteElo "2527"]
[BlackElo "2344"]
[Result "1-0"]
[Round "2"]
[TimeControl "180+2"]
[Date "2023.06.27"]
[WhiteClock "0:00:26"]
[BlackClock "0:00:00"]
[Board "134"]

1. e4 c5 2. Nf3 Qb6 3. Nc3 Nc6 4. b3 e6 5. Bb2 d6 6. Bc4 Nf6 7. O-O Be7 8. Re1 O-O 9. e5 dxe5 10. Nxe5 Nd4 11. Ne4 Qc7 12. Ng3 b6 13. Nf3 Rd8 14. Ng5 h6 15. N5e4 Nd5 16. c3 Nc6 17. d4 cxd4 18. cxd4 Bb7 19. Rc1 Qd7 20. Bd3 Nf4 21. Bb1 Bb4 22. Qg4 Ng6 23. Red1 Qe7 24. Nh5 Rd5 25. f4 Rad8 26. a3 Bxa3 27. Bxa3 Qxa3 28. Nef6+ gxf6 29. Bxg6 Kf8 30. Bxf7 Ke7 31. Qg7 Rf5 32. Bg6+ Kd6 33. Bxf5 exf5 34. Qxb7 Rc8 35. Qxc8 1-0


[Site "https://www.chess.com"]

[Event "Titled Tuesday Blitz June 27 Late 2023"]
[White "Szente Varga, Fruzsina"]
[Black "Peycheva, Gergana"]
[WhiteFideId "712264"]
[BlackFideId "2916711"]
[WhiteElo "2344"]
[BlackElo "2527"]
[Result "0-1"]
[Round "2"]
[TimeControl "180+2"]
[Date "2023.06.27"]
[WhiteClock "0:00:04"]
[BlackClock "0:00:09"]
[Board "135"]

1. e4 c5 2. Nf3 Nc6 3. Bb5 g6 4. O-O Bg7 5. Nc3 Nd4 6. Nxd4 cxd4 7. Ne2 e6 8. f4 Ne7 9. e5 O-O 10. Nxd4 Qb6 11. c3 Nf5 12. Qa4 d6 13. Kh1 dxe5 14. Nxf5 exf5 15. fxe5 Bxe5 16. d4 Bg7 17. Bg5 Be6 18. Be7 Rfc8 19. Bc5 Qd8 20. Rae1 a6 21. Be2 b6 22. Ba3 Bd5 23. Bf3 Bxf3 24. Rxf3 Qd5 25. Qb3 Qxb3 26. axb3 Bf8 27. Bxf8 Kxf8 28. Rfe3 Rc7 29. Kg1 a5 30. Kf2 Rd8 31. Re5 Rd6 32. R1e3 Kg7 33. Ke2 Kf6 34. Kd3 Re6 35. c4 f4 36. R3e4 g5 37. h4 h6 38. hxg5+ hxg5 39. Rd5 Rxe4 40. Kxe4 Re7+ 41. Kf3 Re3+ 42. Kf2 Rxb3 43. c5 bxc5 44. dxc5 Rxb2+ 45. Kf3 a4 46. Rd6+ Ke5 47. Ra6 Rb3+ 48. Kg4 Rg3+ 49. Kh5 Rxg2 50. Rxa4 f3 51. c6 Kd6 52. Rc4 Kc7 53. Rc1 f2 54. Rf1 g4 55. Kh4 g3 56. Kh3 Rg1 0-1


[Site "https://www.chess.com"]

[Event "Titled Tuesday Blitz June 27 Late 2023"]
[White "Ismagilov, Damir"]
[Black "morozcoma"]
[WhiteFideId "34199982"]
[WhiteElo "2526"]
[BlackElo "2337"]
[Result "1-0"]
[Round "2"]
[TimeControl "180+2"]
[Date "2023.06.27"]
[WhiteClock "0:00:28"]
[BlackClock "0:00:00"]
[Board "136"]

1. d4 d5 2. Bf4 c5 3. e3 Nc6 4. c3 Qb6 5. Qb3 c4 6. Qc2 e5 7. dxe5 Bf5 8. Qc1 g5 9. Bxg5 Nxe5 10. Nd2 Bg7 11. Ngf3 Nd3+ 12. Bxd3 Bxd3 13. Nd4 Qg6 14. N2f3 h6 15. Bf4 Bxd4 16. exd4 Qxg2 17. Qe3+ Be4 18. Rg1 Qxf3 19. Qxf3 Bxf3 20. Kd2 O-O-O 21. Rae1 Be4 22. f3 Bg6 23. h4 h5 24. Rg5 Nh6 25. Re7 Rd7 26. Rxd7 Kxd7 27. Rxd5+ Ke6 28. Re5+ 1-0


[Site "https://www.chess.com"]

[Event "Titled Tuesday Blitz June 27 Late 2023"]
[White "StiffMaster1"]
[Black "Cardozo Munar, Carlos Eduardo"]
[BlackFideId "4409477"]
[WhiteElo "2526"]
[BlackElo "2329"]
[Result "1-0"]
[Round "2"]
[TimeControl "180+2"]
[Date "2023.06.27"]
[WhiteClock "0:01:37"]
[BlackClock "0:01:45"]
[Board "137"]

1. Nf3 Nf6 2. g3 d5 3. Bg2 c6 4. O-O Bf5 5. d3 Nbd7 6. Nbd2 h6 7. c4 e5 8. cxd5 cxd5 9. e4 dxe4 10. dxe4 Nxe4 11. Nxe4 Bxe4 12. Nxe5 Bxg2 13. Re1 Nxe5 14. Rxe5+ Be7 15. Qxd8+ Rxd8 16. Kxg2 f6 17. Re1 Kf7 18. Be3 a6 19. Rac1 Rd7 20. Red1 Rhd8 21. Rxd7 Rxd7 22. Kf3 h5 23. h4 g6 24. Rc3 Bd6 25. Rb3 Ke6 26. Ke4 b5 27. a4 bxa4 28. Rb6 Rc7 29. Rxa6 Rc4+ 30. Kd3 Kd5 31. Rxd6+ Kxd6 32. Kxc4 1-0


[Site "https://www.chess.com"]

[Event "Titled Tuesday Blitz June 27 Late 2023"]
[White "Yanev, Tihomir"]
[Black "Fajdetic, Hrvoje"]
[WhiteFideId "2910110"]
[BlackFideId "14501945"]
[WhiteElo "2526"]
[BlackElo "2322"]
[Result "1-0"]
[Round "2"]
[TimeControl "180+2"]
[Date "2023.06.27"]
[WhiteClock "0:01:16"]
[BlackClock "0:00:02"]
[Board "138"]

1. e3 d5 2. b3 e6 3. Bb2 f5 4. f4 Nf6 5. Nf3 Bd6 6. Be2 O-O 7. O-O Nbd7 8. Qe1 Qe8 9. Qg3 Qg6 10. Qxg6 hxg6 11. h3 Re8 12. Ne5 Kh7 13. d3 a5 14. a4 Nh5 15. Kf2 Nxe5 16. fxe5 Be7 17. g3 Kh6 18. Nd2 g5 19. Kg2 g4 20. hxg4 fxg4 21. Bxg4 Bg5 22. Rf7 Bxe3 23. Nf3 g6 24. Rxc7 d4 25. Bxd4 Bxd4 26. Nxd4 b6 27. Bf3 Rb8 28. Ne2 g5 29. Rh1 1-0


[Site "https://www.chess.com"]

[Event "Titled Tuesday Blitz June 27 Late 2023"]
[White "MAHanif"]
[Black "Shapiro, Viktor"]
[BlackFideId "4175700"]
[WhiteElo "2321"]
[BlackElo "2524"]
[Result "0-1"]
[Round "2"]
[TimeControl "180+2"]
[Date "2023.06.27"]
[WhiteClock "0:00:03"]
[BlackClock "0:00:13"]
[Board "139"]

1. Nf3 Nf6 2. g3 c5 3. Bg2 Nc6 4. O-O g6 5. d3 Bg7 6. Nbd2 O-O 7. Re1 d6 8. c3 Qc7 9. Qc2 b5 10. e4 Rb8 11. a3 a5 12. d4 e5 13. dxe5 dxe5 14. Nf1 Bb7 15. Ne3 Rbd8 16. Nd2 Ne7 17. c4 b4 18. Nd5 Nexd5 19. cxd5 Rc8 20. Nc4 Nd7 21. a4 Ba6 22. Bf1 h6 23. b3 Bxc4 24. Bxc4 Nb6 25. Be3 Rfd8 26. Rac1 Bf8 27. Qd2 Kh7 28. Rc2 f5 29. Qd3 Qf7 30. Rec1 f4 31. Bd2 Bd6 32. Qf3 g5 33. g4 Qg6 34. Qg2 Rf8 35. f3 h5 36. h3 Kg7 37. Be1 hxg4 38. hxg4 Rh8 39. Bf2 Rh6 40. Ba6 Ra8 41. Bb7 Ra7 42. Bc6 Rc7 43. Bxc5 Bxc5+ 44. Rxc5 Qd6 45. Rxa5 Nd7 46. Rb5 Nf6 47. a5 Kg6 48. Qf2 Rch7 49. Qg2 Qd8 50. Rb6 Rh4 51. Bb5 Rc7 52. Rxc7 Qxc7 53. Bc6 Qa7 54. Qd2 Qxa5 55. Qxb4 Qa1+ 56. Kf2 Rh2# 0-1


[Site "https://www.chess.com"]

[Event "Titled Tuesday Blitz June 27 Late 2023"]
[White "Perez Torres, Nabi Isaias"]
[Black "Estrada Nieto, Julian"]
[WhiteFideId "5120373"]
[BlackFideId "5101018"]
[WhiteElo "2320"]
[BlackElo "2522"]
[Result "0-1"]
[Round "2"]
[TimeControl "180+2"]
[Date "2023.06.27"]
[WhiteClock "0:00:13"]
[BlackClock "0:00:17"]
[Board "140"]

1. d4 d5 2. c4 dxc4 3. e3 Nf6 4. Bxc4 e6 5. Nf3 a6 6. O-O c5 7. Nc3 b5 8. Bd3 Bb7 9. a3 Nbd7 10. Qe2 Be7 11. Rd1 Qb8 12. e4 cxd4 13. Nxd4 O-O 14. Bg5 Ne5 15. Bc2 Rd8 16. h3 h6 17. Bh4 Ng6 18. Bg3 Bd6 19. e5 Bxe5 20. Bxg6 Bxg3 21. Bxf7+ Kxf7 22. Qxe6+ Kf8 23. Nf5 Bh2+ 24. Kh1 Qe5 25. Qb6 Rxd1+ 26. Rxd1 Rb8 27. Rd8+ Rxd8 28. Qxd8+ Ne8 29. Ne3 Bf4 30. Qd3 Bxe3 31. fxe3 Nd6 32. Ne2 Ke7 33. Nf4 Qe4 34. Qc3 Kf7 35. Qc7+ Qe7 36. Qc3 g5 37. Qb3+ Nc4 38. Nd3 Qe4 39. Ne1 Qxe3 40. Qd1 Qd2 41. Qh5+ Kg7 42. Nf3 Bxf3 43. Qxf3 Qf4 44. Qb7+ Qf7 45. Qxa6 Qf1+ 46. Kh2 Qf4+ 47. Kh1 Qc1+ 48. Kh2 Qxb2 49. Qb7+ Kg6 50. Qe4+ Kf6 51. Qc6+ Kf5 52. Qf3+ Ke6 53. Qc6+ Nd6 54. a4 Qe5+ 55. Kh1 bxa4 56. Qxa4 Qe1+ 57. Kh2 Qe5+ 58. Kh1 h5 59. Qb3+ Qd5 60. Qb8 Qd1+ 61. Kh2 Qd5 62. Qg8+ Ke5 63. Qh7 Kd4 64. Qg7+ Qe5+ 65. Qxe5+ Kxe5 66. h4 g4 67. Kg3 Nf5+ 68. Kf2 Kf4 69. g3+ Nxg3 70. Kg2 Nf5 71. Kh2 Nxh4 72. Kg1 Nf5 73. Kh2 h4 74. Kg2 h3+ 75. Kg1 Kf3 76. Kh1 Ng3+ 77. Kg1 Ne2+ 78. Kh2 g3+ 79. Kh1 g2+ 80. Kh2 g1=Q+ 81. Kxh3 Qg3# 0-1


[Site "https://www.chess.com"]

[Event "Titled Tuesday Blitz June 27 Late 2023"]
[White "Bruedigam, Martin"]
[Black "Balkum, Alexander"]
[WhiteFideId "24608033"]
[BlackFideId "2005069"]
[WhiteElo "2522"]
[BlackElo "2320"]
[Result "1-0"]
[Round "2"]
[TimeControl "180+2"]
[Date "2023.06.27"]
[WhiteClock "0:01:03"]
[BlackClock "0:00:10"]
[Board "141"]

1. Nf3 Nf6 2. e3 g6 3. b3 Bg7 4. Bb2 O-O 5. c4 d6 6. d4 Re8 7. Be2 Nc6 8. O-O Nd7 9. a3 e5 10. b4 h5 11. b5 Ne7 12. Nc3 Nf5 13. Nd5 c6 14. bxc6 bxc6 15. Nb4 Qc7 16. Qc2 a5 17. Na2 Rb8 18. Rac1 exd4 19. exd4 c5 20. Rfd1 Bb7 21. d5 Bxb2 22. Qxb2 Bxd5 23. Qd2 Bxf3 24. Bxf3 Ne5 25. Bd5 Nd4 26. Rb1 Ng4 27. Nc3 Qe7 28. h3 Nf6 29. Rxb8 Rxb8 30. Re1 Qd7 31. Qg5 Qf5 32. Qg3 Nxd5 33. Nxd5 Rb2 34. Ne7+ 1-0


[Site "https://www.chess.com"]

[Event "Titled Tuesday Blitz June 27 Late 2023"]
[White "Gerbelli Neto, Eduardo"]
[Black "Perske, Thore"]
[WhiteFideId "2103281"]
[BlackFideId "12902195"]
[WhiteElo "2319"]
[BlackElo "2520"]
[Result "0-1"]
[Round "2"]
[TimeControl "180+2"]
[Date "2023.06.27"]
[WhiteClock "0:00:23"]
[BlackClock "0:00:37"]
[Board "142"]

1. e4 e6 2. d4 d5 3. Nc3 Bb4 4. Ne2 dxe4 5. a3 Bxc3+ 6. Nxc3 Nc6 7. Bb5 Ne7 8. Bg5 f6 9. Be3 f5 10. f3 Nd5 11. Nxd5 exd5 12. fxe4 Qh4+ 13. Kd2 fxe4 14. g3 Qh3 15. Bf1 Qg4 16. Be2 Qe6 17. Rf1 Bd7 18. Rf4 O-O-O 19. Bg4 Qe7 20. Qe2 Rhf8 21. Raf1 Rxf4 22. Rxf4 Bxg4 23. Qxg4+ Qd7 24. Qh5 g6 25. Qg5 b6 26. Rh4 Rf8 27. c3 Na5 28. Bf4 Kb7 29. Qe5 Nc4+ 0-1


[Site "https://www.chess.com"]

[Event "Titled Tuesday Blitz June 27 Late 2023"]
[White "Bilan, Danila"]
[Black "Shapiro, Daniel"]
[WhiteFideId "24161918"]
[BlackFideId "2001780"]
[WhiteElo "2518"]
[BlackElo "2319"]
[Result "0-1"]
[Round "2"]
[TimeControl "180+2"]
[Date "2023.06.27"]
[WhiteClock "0:00:03"]
[BlackClock "0:01:00"]
[Board "143"]

1. d4 Nf6 2. Nf3 b6 3. g3 Bb7 4. Bg2 e6 5. O-O d5 6. c4 c6 7. Qc2 Be7 8. Nbd2 O-O 9. e4 Nbd7 10. b3 Rc8 11. Bb2 c5 12. exd5 exd5 13. Qf5 g6 14. Qh3 cxd4 15. Nxd4 Nc5 16. Rad1 Nd3 17. Bc3 Ne4 18. Nxe4 dxe4 19. Rxd3 exd3 20. Bxb7 Rc5 21. Bd5 Bf6 22. Rd1 Re8 23. Qf1 Rxd5 24. cxd5 Qxd5 25. Qxd3 Rd8 26. Qc4 Qe4 27. Re1 Qg4 28. Qe2 Rxd4 29. Bxd4 Qxd4 30. Qc4 Qd7 31. Rc1 Kg7 32. Qf4 Bd4 33. Rc7 Qd5 34. Rxa7 b5 35. Rxf7+ Qxf7 36. Qxd4+ Kg8 37. Qd8+ Kg7 38. Qd4+ Kg8 39. Qb4 Qd5 40. a4 Qd1+ 41. Kg2 Qd5+ 42. f3 bxa4 43. bxa4 Qa2+ 44. Kh3 Qe6+ 45. Qg4 Qa6 46. Qb4 Qf1+ 47. Kg4 Qa6 48. Qf4 Qe6+ 49. Kg5 Kg7 50. Qd4+ Kf7 51. f4 Qf5+ 52. Kh6 Qh5# 0-1


[Site "https://www.chess.com"]

[Event "Titled Tuesday Blitz June 27 Late 2023"]
[White "Tissir, Mohamed"]
[Black "Kaganskiy, Gleb"]
[WhiteFideId "9000240"]
[BlackFideId "4132025"]
[WhiteElo "2509"]
[BlackElo "2317"]
[Result "1-0"]
[Round "2"]
[TimeControl "180+2"]
[Date "2023.06.27"]
[WhiteClock "0:01:07"]
[BlackClock "0:00:04"]
[Board "144"]

1. e4 e5 2. Nf3 Nf6 3. Nxe5 Nxe4 4. Nf3 d5 5. Bd3 Nc5 6. Be2 Bd6 7. O-O O-O 8. d4 Ne4 9. c4 c6 10. Nc3 Nxc3 11. bxc3 Bf5 12. h3 dxc4 13. Bxc4 Nd7 14. Bd3 Bxd3 15. Qxd3 Nc5 16. Qc2 Ne6 17. a4 Qc7 18. a5 Rad8 19. Re1 Rfe8 20. Bb2 b5 21. axb6 axb6 22. c4 Nf4 23. c5 Bf8 24. Ng5 g6 25. Ne4 Bg7 26. Nd6 Rxe1+ 27. Rxe1 Rxd6 28. Re8+ Bf8 29. cxd6 Qxd6 30. Qe4 Nd5 31. Ra8 Kg7 32. Ba3 Nb4 33. Qb1 c5 34. dxc5 bxc5 35. Bb2+ Kg8 36. Qe4 Qd1+ 37. Kh2 Nd3 38. Qe8 h5 39. Qxf8+ Kh7 40. Qg7# 1-0


[Site "https://www.chess.com"]

[Event "Titled Tuesday Blitz June 27 Late 2023"]
[White "Skaric, Djuro"]
[Black "Mattheii"]
[WhiteFideId "934569"]
[WhiteElo "2315"]
[BlackElo "2509"]
[Result "1-0"]
[Round "2"]
[TimeControl "180+2"]
[Date "2023.06.27"]
[WhiteClock "0:00:40"]
[BlackClock "0:00:03"]
[Board "145"]

1. g3 d5 2. Bg2 c5 3. d3 Nc6 4. Nf3 e5 5. O-O h6 6. Nc3 Nf6 7. e4 d4 8. Ne2 Be6 9. h3 g5 10. Ne1 Bd6 11. c3 Qd7 12. Kh2 O-O-O 13. b4 Rdg8 14. bxc5 Bxc5 15. cxd4 Nxd4 16. Be3 Kb8 17. Rc1 Bb6 18. a4 h5 19. Nxd4 Bxd4 20. Bxd4 Qxd4 21. Nf3 Qd6 22. d4 g4 23. Nxe5 gxh3 24. Bf3 h4 25. Rg1 hxg3+ 26. Rxg3 Rxg3 27. fxg3 Rd8 28. Rb1 Ka8 29. Nd3 Qxd4 30. e5 Nd5 31. Nf4 Nxf4 32. Bxb7+ Kb8 33. Bd5+ Qb6 34. Rxb6+ axb6 35. gxf4 Rxd5 36. Qb1 Ka7 37. f5 Bd7 38. Qe4 Ra5 39. Kxh3 Rxa4 40. Qd3 Bc8 41. Qc2 Ra3+ 42. Kg4 Bb7 43. Qc7 Ra4+ 44. Kg5 Re4 45. Kf6 Rf4 46. Qxf7 Ka6 47. Qa2+ Kb5 48. Qe2+ Kc5 49. Qe3+ Rd4 50. e6 Bc6 51. Ke7 b5 52. f6 b4 53. f7 1-0


[Site "https://www.chess.com"]